 Dungeon Crawl Stone Soup version 0.22.1-2-g9c5b331383 (webtiles) character file.

177 Kaderl the Sneak (level 5, 0/40 HPs)
             Began as a Human Assassin on Dec 11, 2018.
             Slain by an orc wizard
             ... wielding a +0 dagger
              (3 damage)
             ... on level 3 of the Dungeon.
             The game lasted 00:13:17 (4557 turns).

Kaderl the Sneak (Human Assassin)                   Turns: 4557, Time: 00:13:17

Health: 0/40       AC:  5    Str: 12    XL:     5   Next: 88%
Magic:  5/5        EV: 12    Int: 11    God:
Gold:   170        SH:  0    Dex: 15    Spells: 4/4 levels left

rFire    . . .     SeeInvis .   i - +0 rapier
rCold    . . .     Gourm    .   (no shield)
rNeg     + . .     Faith    .   c - +0 robe
rPois    .         Spirit   .   k - +0 helmet
rElec    .         Reflect  .   d - +1 cloak
rCorr    .         Harm     .   (no gloves)
MR       .....                  (no boots)
Stlth    +++.......             (no amulet)
HPRegen  0.13/turn              p - ring of positive energy
MPRegen  0.09/turn              (no ring)

@: no status effects
A: no striking features
a: no special abilities


You were on level 3 of the Dungeon.
You were not hungry.

You visited 1 branch of the dungeon, and saw 4 of its levels.

You collected 170 gold pieces.

Inventory:

Hand Weapons
 b - a +0 blowgun
 i - a +0 rapier (weapon)
Missiles
 e - 2 poisoned needles
 f - 2 curare-tipped needles
Armour
 c - a +0 robe (worn)
 d - a +1 cloak (worn)
 k - a +0 helmet (worn)
Jewellery
 p - a ring of positive energy (left hand)
Wands
 j - a wand of polymorph (20)
Scrolls
 h - 4 scrolls of remove curse
Potions
 a - a potion of resistance {unknown}
 l - a potion of lignification {unknown}
 m - a potion of degeneration {unknown}
 n - a potion of heal wounds {unknown}
 o - a potion of ambrosia {unknown}
 q - a potion of flight {unknown}
Comestibles
 g - 6 rations


   Skills:
 + Level 2.8 Fighting
 + Level 3.4 Short Blades
 + Level 2.2 Throwing
 + Level 1.8 Dodging
 * Level 5.4 Stealth


You had 4 spell levels left.
You didn't know any spells.
Your spell library was empty.

Dungeon Overview and Level Annotations

Branches:
Dungeon (4/15)
 Temple: D:4-7

Altars:
Cheibriados
Kikubaaqudgha
Vehumet


Message History

The orc wizard casts a spell at you. The magic dart hits you!
* * * LOW HITPOINT WARNING * * *
The orc wizard points at you and mumbles some strange words.
The puff of frost misses you.
There is a stone staircase leading up here.
The orc wizard hits you with a dagger.
* * * LOW HITPOINT WARNING * * *
You climb upwards.
There is a stone staircase leading down here.
You hit the orc wizard.
The orc wizard is moderately wounded.
The orc wizard hits you but does no damage.
The orc wizard points at you and mumbles some strange words.
The magic dart hits you!
* * * LOW HITPOINT WARNING * * *
You closely miss the orc wizard.
The orc wizard is moderately wounded.
The orc wizard misses you. The orc wizard hits you with a dagger.
You die...

#..##..# #.#...#.#
#..##..######.#.#.#.##
#.............#.......
##.##..##########.#...
#..#..#†.........#...
##.#..#...)...####...
#.)..#.......# #...
##..o#.......# #...
#####..@.......(.# #..(
#...........#.#..# #...
#............_...# ####
#...........#.#### #..
#.............# #.#
#.............########.#
#........#...........#.#
#.(...#..###########.#.#
#.....#..# #.#..


You could see an orc wizard.

Vanquished Creatures
  A hound (D:4)
  A worker ant (D:4)
  3 gnolls (D:4)
  3 adders
  An adder skeleton (D:4)
  3 worms
  2 leopard geckos
  4 orcs (D:3)
  2 ball pythons
  3 giant cockroaches
  4 goblins
  5 hobgoblins
  7 kobolds
  A quokka (D:4)
  3 bats
  6 frilled lizards
  6 rats
55 creatures vanquished.

Vanquished Creatures (others)
  A human (D:2)
1 creature vanquished.

Grand Total: 56 creatures vanquished

Notes
Turn   | Place    | Note
-------+----------+-------------------------------------------
     0 | D:1      | Kaderl the Human Assassin began the quest for the Orb.
     0 | D:1      | Reached XP level 1. HP: 16/16 MP: 1/1
   302 | D:1      | Reached XP level 2. HP: 9/22 MP: 2/2
   674 | D:1      | Found a snail-covered altar of Cheibriados.
  1142 | D:2      | Reached XP level 3. HP: 27/27 MP: 3/3
  1527 | D:2      | Found an ancient bone altar of Kikubaaqudgha.
  1527 | D:2      | Noticed a human
  1530 | D:2      | Killed a human
  1940 | D:2      | Reached XP level 4. HP: 34/34 MP: 4/4
  2448 | D:3      | HP: 1/34 [kobold (3)]
  2846 | D:3      | Found a radiant altar of Vehumet.
  3045 | D:3      | Found a faded altar of an unknown god.
  3591 | D:4      | Reached skill level 5 in Stealth
  3591 | D:4      | Reached XP level 5. HP: 27/39 MP: 5/5
  3717 | D:4      | Noticed a phantom
  4557 | D:3      | Slain by an orc wizard

Skill      XL: |  1  2  3  4 |
---------------+-------------+-----
Short Blades   | 3 |  3.4
Stealth        | 5 |  5.4
Fighting       | |  2.8
Throwing       | |  2.2
Dodging        | |  1.8

Action                   |  1- 3 |  4- 6 || total
-------------------------+-------+-------++-------
Melee: Dagger            |    67 |       ||    67
       Rapier            |    26 |   134 ||   160
 Fire: Blowgun           |     4 |     9 ||    13
  Use: Scroll            |     3 |     2 ||     5
 Stab: Sleeping          |     6 |    10 ||    16
  Eat: Ration            |     1 |     3 ||     4
Armor: Robe              |    12 |    33 ||    45
Dodge: Dodged            |    64 |    90 ||   154
